 Dungeon Crawl Stone Soup version 0.19.5 (webtiles) character file.

234369 Rrauwl the Warrior (level 19, -1/141 HPs)
             Began as a Hill Orc Fighter on Mar 12, 2017.
             Was the Champion of Ashenzari.
             Slain by a fire giant
             ... wielding a +2 great sword of flaming
              (5 damage)
             ... on level 3 of the Vaults.
             The game lasted 04:28:58 (40170 turns).

Rrauwl the Warrior (Hill Orc Fighter)              Turns: 40170, Time: 04:28:58

Health: -1/141     AC: 23    Str: 21    XL:     19   Next: 59%
Magic:  28/28      EV: 10    Int: 12    God:    Ashenzari [******]
Gold:   3113       SH: 19    Dex: 10    Spells: 5 memorised, 17 levels left

rFire  . . .     SeeInvis +     z - +6 war axe (flame) (curse)
rCold  + . .     Gourm    .     p - +1 chain mail {rC+}
rNeg   . . .     Faith    .     g - +4 shield {reflect} (curse)
rPois  +         Spirit   .     o - +1 hat
rElec  .         Reflect  +     C - +2 cloak {MR+} (curse)
rCorr  .         Harm     .     (no gloves)
MR     ++++.     Clarity  +     R - +0 pair of boots
Stlth  ..........               P - amulet of regeneration (curse)
                                w - ring of poison resistance (curse)
                                s - ring of protection from magic (curse)

@: no status effects
A: hooves 1, iridescent scales 1, camouflage 1, berserk 1, frail 2, high mp 1,
magic resistance 1, poison resistance, weak 1, MP-powered wands
a: Curse Item, Scrying, Transfer Knowledge, Renounce Religion
}: 1/15 runes: gossamer


You were on level 3 of the Vaults.
You worshipped Ashenzari.
Ashenzari was exalted by your worship.
You were not hungry.

You visited 5 branches of the dungeon, and saw 30 of its levels.

You collected 3353 gold pieces.
You spent 240 gold pieces at shops.

Inventory:

Hand Weapons
 z - a cursed +6 war axe of flaming (weapon)
Armour
 g - a cursed +4 shield of reflection (worn)
 o - a +1 hat (worn)
 p - a +1 chain mail of cold resistance (worn)
 C - a cursed +2 cloak of magic resistance (worn)
 O - a +1 chain mail of fire resistance
 R - a +0 pair of boots (worn)
Jewellery
 s - a cursed ring of protection from magic (left hand)
 w - a cursed ring of poison resistance (right hand)
 P - a cursed amulet of regeneration (around neck)
Wands
 a - a wand of digging (11/24)
 e - a wand of confusion (18/48)
 f - a wand of iceblast (11/15)
 h - a wand of heal wounds (0/9)
 n - a wand of lightning (8/15)
 y - a wand of lightning (10/15)
 D - a wand of slowing (18/48)
 F - a wand of disintegration (11/24)
Scrolls
 b - a scroll of fear
 i - a scroll of magic mapping
 k - a scroll of silence
 l - 7 scrolls of remove curse
 r - 2 scrolls of fog
 u - 9 scrolls of identify
 B - 2 scrolls of immolation
 M - 2 scrolls of teleportation
Potions
 j - 2 potions of curing
 q - a potion of cancellation {unknown}
 v - 4 potions of flight
 E - 8 potions of ambrosia
 U - a potion of resistance
Miscellaneous
 A - a phial of floods
 S - a phantom mirror
Comestibles
 c - 3 bread rations
 d - 9 slices of pizza
 m - 3 meat rations


   Skills:
 + Level 17.3 Fighting
 - Level 17.0(20.8) Axes
 + Level 16.4 Armour
 - Level 5.0 Dodging
 + Level 15.5(18.1) Shields
 + Level 4.5 Spellcasting
 - Level 7.0(11.5) Conjurations
 - Level 7.0(11.5) Charms
 - Level 6.0(10.5) Summonings
 - Level 6.4(11.0) Translocations
 - Level 7.0(11.5) Fire Magic
 - Level 6.5(11.0) Air Magic
 - Level 6.0(10.5) Evocations


You had 17 spell levels left.
You knew the following spells:

 Your Spells              Type           Power        Failure   Level  Hunger
a - Conjure Flame         Conj/Fire      ####....     2%          3    ###....
b - Summon Butterflies    Summ           ####....     1%          1    None
c - Blink                 Tloc           N/A          1%          2    ##.....
d - Swiftness             Chrm/Air       ####....     1%          2    ##.....
e - Repel Missiles        Chrm/Air       ####..       1%          2    ##.....


Dungeon Overview and Level Annotations

Branches:
Dungeon (15/15)            Temple (0/1) D:6            Lair (6/6) D:8
  Swamp (0/4) Lair:3       Spider (4/4) Lair:2        Slime (0/5) Lair:6
    Orc (2/2) D:11            Elf (0/3) Orc:2        Vaults (3/5) D:13
  Crypt (0/3) Vaults:3     Depths (0/5) D:15

Altars:
Ashenzari
Gozag
Kikubaaqudgha
Makhleb
Nemelex Xobeh
Qazlal
Trog
Xom
Beogh

Shops:
D:2 *   D:9 =   Orc:2 %*[((   Vaults:1 }

Annotations:
D:14 exclusion: Roxanne, Roxanne


Innate Abilities, Weirdness & Mutations

You have large cloven feet.
You are partially covered in iridescent scales. (AC +2)
Your skin changes colour to match your surroundings (Stealth+).
You tend to lose your temper in combat.
You are very frail. (-20% HP)
You have an increased reservoir of magic. (+10% MP)
You are resistant to hostile enchantments. (MR+)
Your system is resistant to poisons. (rPois)
You are weak. (Str -2)
You expend magic power (3 MP) to strengthen your wands.


Message History

The fire giant points at you and mumbles some strange words.
The bolt of fire misses you.
You slash the fire giant!
The fire giant is severely wounded.
You hit the fire giant but do no damage.
The fire giant is severely wounded.
You block the fire giant's attack.
You hit the fire giant.
The fire giant is severely wounded.
You hit the fire giant but do no damage.
The fire giant is severely wounded.
The fire giant gestures at you while chanting.
The bolt of fire hits you!
* * * LOW HITPOINT WARNING * * *
You slash the fire giant!
The fire giant is almost dead.
The fire giant hits you with a great sword of flaming!
* * * LOW HITPOINT WARNING * * *
The fire giant burns you.
You die...

..., #.............#### .... *
#.............########### ....,
#........................ .....
#...............).(...... .....*
#.............(..........
.....####+#######################
.....'..........., ,
.....')############### *
######)).'∆).+.(@Cp..#
#.###############, #.. ,, , ,
,,,, * ####* ** ***** *


You could see a fire giant and a vault sentinel.

Vanquished Creatures
  Boris (Vaults:2)
  A lich (Vaults:3)
  Gastronok (D:8)
  Donald (Spider:2)
  3 ghost moths (Spider:4)
  2 deep elf sorcerers
  6 vault wardens
  3 emperor scorpions
  9 ironheart preservers
  7 stone giants
  3 entropy weavers
  A deep elf demonologist (Vaults:1)
  A spark wasp (Spider:4)
  Snorg (Lair:5)
  A deep elf death mage (Vaults:1)
  A fire dragon (Vaults:2)
  Erolcha (D:9)
  13 ogre magi
  5 yaktaur captains
  6 hydras
  14 vault guards
  2 rakshasas
  3 ice dragons
  11 centaur warriors
  Erica (D:8)
  2 catoblepae
  A queen ant (Spider:1)
  3 deep troll shamans
  8 death scarabs (Spider:4)
  2 deep troll earth magi
  10 death yaks (Lair:6)
  Urug (D:10)
  Sonja (D:15)
  A deep elf knight (Vaults:1)
  2 skeletal warriors (D:15)
  4 deep trolls
  An unseen horror (shapeshifter) (Vaults:2)
  A flayed ghost (D:15)
  2 unseen horrors
  A lindwurm (Lair:6)
  10 hill giants
  4 wizards
  7 ironbrand convokers
  A harpy (shapeshifter) (Vaults:3)
  3 deep elf magi
  2 deep elf archers (Vaults:1)
  2 wolf spider zombies (Spider:4)
  Pikel (D:8)
  5 spectral wolf spiders (Spider:4)
  7 orc knights
  2 orc sorcerers
  4 harpies (Vaults:2)
  A phantasmal warrior (Vaults:2)
  A salamander (shapeshifter) (Vaults:1)
  A necromancer (D:15)
  3 moths of wrath
  5 cyclopes
  25 wolf spiders
  12 orb spiders
  2 centaur zombies
  19 ugly things
  3 elephants (Lair:6)
  Psyche (D:9)
  2 black mambas
  4 vault sentinels
  A black mamba (shapeshifter) (Vaults:1)
  3 centaur skeletons
  2 spriggan zombies (D:15)
  2 rime drakes
  2 spectral redbacks (Spider:4)
  4 torpor snails
  20 yaktaurs
  9 spiny frogs
  A komodo dragon (shapeshifter) (D:15)
  8 demonic crawlers
  A redback zombie (Spider:4)
  A yaktaur (shapeshifter) (Vaults:3)
  9 komodo dragons
  33 jumping spiders
  A queen bee (D:9)
  8 trolls
  A meliai (shapeshifter) (D:15)
  3 spectral tarantellas (Spider:4)
  30 two-headed ogres
  2 polar bears
  4 spectral jumping spiders (Spider:4)
  A tengu simulacrum (Vaults:3)
  18 blink frogs
  A wolf spider simulacrum (Vaults:1)
  A raiju (shapeshifter) (Vaults:1)
  10 hornets
  24 slime creatures
  9 dream sheep
  3 jumping spider zombies (Spider:4)
  A tarantella zombie (Spider:4)
  12 hippogriffs
  A fire dragon zombie (D:15)
  A spriggan (Lair:2)
  A centaur simulacrum (D:15)
  Sigmund (D:4)
  4 shadows
  A vampire (D:12)
  A tarantella (shapeshifter) (Vaults:2)
  3 basilisks
  2 wraiths
  54 redbacks
  37 tarantellas
  2 wyverns
  3 water elementals
  23 yaks
  A steam dragon (D:12)
  A human simulacrum (Vaults:2)
  3 hungry ghosts
  The ghost of Turtleman12345 the Grave Robber, an amateur DgNe (D:5)
  8 vampire mosquitoes
  5 mottled dragons
  A soldier ant (shapeshifter) (Vaults:1)
  3 wargs
  Menkaure (D:4)
  3 soldier ants
  A spectral hornet (Spider:4)
  A tengu skeleton (D:15)
  11 water moccasins
  8 porcupines
  A swamp drake (D:11)
  A black bear (shapeshifter) (D:14)
  A hornet zombie (D:10)
  34 orc warriors
  2 slaves (D:8)
  3 black bears
  An eye of draining (D:12)
  3 ice beasts
  2 necrophages
  2 phantoms
  5 sky beasts
  21 boggarts
  11 wolves (Lair:6)
  49 ogres
  26 centaurs
  13 crocodiles
  3 big kobolds
  22 bullfrogs
  A wyvern skeleton (D:8)
  A scorpion (D:13)
  A water moccasin skeleton (D:8)
  26 killer bees
  4 wights
  3 howler monkeys
  8 electric eels
  7 crimson imps
  A quasit (D:10)
  3 bullfrog zombies
  27 orc priests
  6 hounds
  20 jellies
  Jessica (D:3)
  3 iguanas
  Natasha (thrice) (D:3)
  28 orc wizards
  20 worker ants
  2 hell rats (Lair:3)
  A killer bee zombie (D:10)
  2 worker ant zombies
  Robin (D:2)
  8 gnolls (D:4)
  A howler monkey zombie (D:7)
  7 adders
  9 river rats (Lair:3)
  5 shadow imps
  12 white imps (D:15)
  3 oozes
  3 adder skeletons
  3 adder zombies
  4 worms
  2 dart slugs
  10 leopard geckos
  115 orcs
  2 ball pythons
  3 bats
  2 giant cockroaches
  13 goblins
  5 hobgoblins
  4 jackals
  17 kobolds
  5 quokkas
  A ball python skeleton (D:4)
  4 frilled lizards
  A quokka zombie (D:8)
  8 rats
  6 fungi
  2 plants
  A withered plant (D:15)
1297 creatures vanquished.

Vanquished Creatures (collateral kills)
  A vault guard (D:13)
  2 death yaks (Lair:6)
3 creatures vanquished.

Vanquished Creatures (others)
  A slave (D:8)
  2 boggarts
  A centaur (Vaults:3)
  An adder zombie (D:8)
  3 orcs
  8 fungi
  39 plants
55 creatures vanquished.

Grand Total: 1355 creatures vanquished

Notes
Turn   | Place    | Note
-------+----------+-------------------------------------------
     0 | D:1      | Rrauwl the Hill Orc Fighter began the quest for the Orb.
     0 | D:1      | Reached XP level 1. HP: 19/19 MP: 1/1
   111 | D:1      | Found a shattered altar of Ashenzari.
   130 | D:1      | Became a worshipper of Ashenzari the Shackled
   156 | D:1      | Reached XP level 2. HP: 26/26 MP: 2/2
   627 | D:2      | Reached XP level 3. HP: 27/31 MP: 3/3
   798 | D:2      | Reached skill level 5 in Axes
   815 | D:2      | Noticed Robin
   825 | D:2      | Reached XP level 4. HP: 14/39 MP: 4/4
   839 | D:2      | Killed Robin
  1321 | D:2      | Found an opulent altar of Gozag.
  1321 | D:2      | Found Gozag's Platinum Reserve.
  1624 | D:3      | Noticed Natasha
  1635 | D:3      | Killed Natasha
  1635 | D:3      | Reached XP level 5. HP: 41/45 MP: 5/5
  1665 | D:3      | Noticed Natasha
  1670 | D:3      | Killed Natasha
  1900 | D:3      | Reached * piety under Ashenzari
  1922 | D:3      | Noticed Jessica
  1937 | D:3      | Killed Jessica
  1947 | D:3      | Identified Jessica's Compendium of Translocation
  2040 | D:3      | Noticed Natasha
  2051 | D:3      | Killed Natasha
  2286 | D:4      | Reached XP level 6. HP: 38/51 MP: 6/6
  2289 | D:4      | Noticed Menkaure
  2292 | D:4      | Killed Menkaure
  2578 | D:4      | Reached XP level 7. HP: 49/57 MP: 7/7
  2626 | D:4      | Reached skill level 10 in Axes
  2999 | D:4      | Identified the +3 scale mail of Distant Shores {rPois Str-3 Int+3}
  3198 | D:4      | Noticed Sigmund
  3500 | D:4      | Killed Sigmund
  3600 | D:5      | Entered Level 5 of the Dungeon
  3615 | D:5      | Noticed Turtleman12345's ghost (amateur DgNe)
  3622 | D:5      | Found an ancient bone altar of Kikubaaqudgha.
  3635 | D:5      | Reached XP level 8. HP: 54/66 MP: 8/8
  3868 | D:5      | Reached skill level 1 in Dodging
  4039 | D:5      | Killed Turtleman12345's ghost
  4375 | D:5      | Learned a level 3 spell: Conjure Flame
  4828 | D:6      | Found a staircase to the Ecumenical Temple.
  4945 | D:6      | Reached skill level 5 in Fighting
  5002 | D:6      | Reached ** piety under Ashenzari
  5074 | D:6      | Reached XP level 9. HP: 74/74 MP: 9/9
  5926 | D:7      | Reached skill level 5 in Armour
  5942 | D:7      | Reached skill level 5 in Shields
  6355 | D:7      | Gained mutation: You occasionally shout uncontrollably at your foes. [potion of mutation]
  6355 | D:7      | Gained mutation: You are agile. (Dex +2) [potion of mutation]
  6355 | D:7      | Gained mutation: You are frail. (-10% HP) [potion of mutation]
  6709 | D:8      | Reached skill level 1 in Evocations
  6718 | D:8      | Gained mutation: You have sharp toenails. [potion of beneficial mutation]
  6742 | D:8      | Found a staircase to the Lair.
  6782 | D:8      | Found a sparkling altar of Nemelex Xobeh.
  6904 | D:8      | Reached *** piety under Ashenzari
  6925 | D:8      | Learned a level 1 spell: Summon Butterflies
  7372 | D:8      | Noticed a two-headed ogre
  7377 | D:8      | Killed a two-headed ogre
  7381 | D:8      | Noticed Gastronok
  7390 | D:8      | Killed Gastronok
  7390 | D:8      | Reached XP level 10. HP: 51/79 MP: 11/11
  7504 | D:8      | Noticed Pikel
  7534 | D:8      | Killed Pikel
  7597 | D:8      | Paralysed by a hornet for 1 turns
  7714 | D:8      | Noticed Erica
  7738 | D:8      | Killed Erica
  7793 | D:8      | Found a roughly hewn altar of Beogh.
  7896 | D:8      | Reached XP level 11. HP: 53/84 MP: 13/13
  8394 | D:8      | Found a stormy altar of Qazlal.
  8399 | D:8      | Found a burning altar of Makhleb.
  8404 | D:8      | Found a shimmering altar of Xom.
  8452 | D:9      | Found a bloodstained altar of Trog.
  8469 | D:9      | Found Ijeemutoc's Jewellery Shop.
  8490 | D:9      | Bought an uncursed ring of poison resistance for 240 gold pieces
  8660 | D:9      | Noticed Erolcha
  8668 | D:9      | Killed Erolcha
  8670 | D:9      | Noticed Psyche
  8684 | D:9      | Killed Psyche
  9614 | Lair:1   | Entered Level 1 of the Lair of Beasts
 10051 | Lair:1   | Reached **** piety under Ashenzari
 11055 | Lair:1   | Reached XP level 12. HP: 92/95 MP: 15/15
 11181 | Lair:2   | Reached skill level 15 in Axes
 11287 | Lair:2   | Reached skill level 10 in Fighting
 11380 | Lair:2   | Reached skill level 10 in Armour
 11962 | Lair:2   | Found a hole to the Spider Nest.
 12614 | Lair:3   | Found a staircase to the Swamp.
 13031 | Lair:3   | Reached skill level 10 in Shields
 13573 | Lair:4   | Reached ***** piety under Ashenzari
 14092 | Lair:5   | Reached XP level 13. HP: 93/104 MP: 16/16
 14243 | Lair:5   | Noticed Snorg
 14255 | Lair:5   | Killed Snorg
 15641 | Lair:6   | Entered Level 6 of the Lair of Beasts
 15655 | Lair:6   | Reached skill level 5 in Evocations
 16197 | Lair:6   | Found a staircase to the Slime Pits.
 17676 | Lair:6   | Reached XP level 14. HP: 65/114 MP: 18/18
 18173 | Lair:6   | Identified the +3 hand crossbow of Disembowelment {velocity, rElec rC+ Int-4}
 18408 | Lair:6   | Lost mutation: You are agile. (Dex +2) [potion of mutation]
 18408 | Lair:6   | Lost mutation: You have sharp toenails. [potion of mutation]
 18408 | Lair:6   | Gained mutation: You have a pair of small horns on your head. [potion of mutation]
 18409 | Lair:6   | Gained mutation: Your magical capacity is low. (-10% MP) [potion of mutation]
 18409 | Lair:6   | Gained mutation: You have a pair of horns on your head. [potion of mutation]
 18852 | D:10     | Entered Level 10 of the Dungeon
 18874 | D:10     | Reached skill level 1 in Fire Magic
 19047 | D:10     | Noticed Urug
 19064 | D:10     | Killed Urug
 19064 | D:10     | Reached skill level 1 in Conjurations
 19064 | D:10     | Reached skill level 1 in Summonings
 19299 | D:10     | Reached skill level 1 in Spellcasting
 20130 | D:11     | Found a staircase to the Orcish Mines.
 20200 | Orc:1    | Entered Level 1 of the Orcish Mines
 20376 | Orc:2    | Entered Level 2 of the Orcish Mines
 21061 | Orc:2    | Found a staircase to the Elven Halls.
 21443 | Orc:2    | Found Feenup's Weapon Shoppe.
 21583 | Orc:2    | Found Jyll's Weapon Shop.
 21583 | Orc:2    | Found Yfoif's Armour Emporium.
 21584 | Orc:2    | Found Arogitz's Assorted Antiques.
 21584 | Orc:2    | Found Lobuatem's Food Boutique.
 21893 | Orc:2    | Reached XP level 15. HP: 105/122 MP: 17/17
 24356 | D:13     | Identified the +9 long sword of the Forest {distort, MR+ SInv}
 24499 | D:13     | Reached ****** piety under Ashenzari
 25277 | D:13     | Found a gate to the Vaults.
 25375 | D:13     | Reached skill level 5 in Conjurations
 25719 | D:14     | Noticed Roxanne
 25751 | D:14     | Reached skill level 5 in Dodging
 25801 | D:14     | Reached skill level 5 in Fire Magic
 26801 | D:15     | Entered Level 15 of the Dungeon
 26947 | D:15     | Found a frozen archway.
 27523 | D:15     | Reached XP level 16. HP: 118/132 MP: 18/18
 27535 | D:15     | Found a staircase to the Depths.
 27886 | D:15     | Noticed Sonja
 27917 | D:15     | Killed Sonja
 28760 | Spider:1 | Entered Level 1 of the Spider Nest
 28919 | Spider:1 | Identified the Catalogue of Flying Dislocation
 28928 | Spider:1 | Learned a level 2 spell: Blink
 29177 | Spider:1 | Got the uncursed robe of Fortification {rElec Slay+2 SInv}
 29681 | Spider:1 | Lost mutation: Your magical capacity is low. (-10% MP) [potion of mutation]
 29681 | Spider:1 | Gained mutation: You expend magic power (3 MP) to strengthen your wands. [potion of mutation]
 29786 | Spider:1 | Reached skill level 1 in Translocations
 30160 | Spider:2 | Learned a level 2 spell: Swiftness
 30383 | Spider:2 | Noticed Donald
 30391 | Spider:2 | Killed Donald
 30416 | Spider:2 | Reached skill level 1 in Air Magic
 30682 | Spider:2 | Reached skill level 1 in Charms
 31404 | Spider:3 | Reached skill level 5 in Summonings
 31439 | Spider:3 | Reached skill level 15 in Fighting
 32182 | Spider:4 | Entered Level 4 of the Spider Nest
 32475 | Spider:4 | Reached XP level 17. HP: 117/140 MP: 21/21
 33106 | Spider:4 | Gained mutation: You are very frail. (-20% HP) [mutagenic meat]
 33108 | Spider:4 | Gained mutation: You are partially covered in iridescent scales. (AC +2) [mutagenic meat]
 33802 | Spider:4 | Got a gossamer rune of Zot
 34222 | Lair:1   | Learned a level 2 spell: Repel Missiles
 34345 | Vaults:1 | Entered Level 1 of the Vaults
 34367 | Vaults:1 | Gained mutation: You have large cloven feet. [mutagenic meat]
 34368 | Vaults:1 | Gained mutation: Your skin changes colour to match your surroundings (Stealth+). [mutagenic meat]
 34394 | Vaults:1 | Noticed an Ice Fiend
 35117 | Vaults:1 | Reached skill level 15 in Armour
 35345 | Vaults:1 | Reached XP level 18. HP: 46/132 MP: 22/22
 35518 | Vaults:1 | Reached skill level 5 in Charms
 35660 | Vaults:1 | Gained mutation: You are clumsy. (Dex -2) [mutagenic meat]
 35662 | Vaults:1 | Lost mutation: You are very frail. (-20% HP) [mutagenic meat]
 35798 | Vaults:1 | Reached skill level 15 in Shields
 35999 | Vaults:1 | Reached skill level 5 in Air Magic
 36023 | Vaults:1 | Found Ofynekhle's Gadget Boutique.
 36042 | Vaults:1 | Gained mutation: You are resistant to hostile enchantments. (MR+) [mutagenic meat]
 36043 | Vaults:1 | Lost mutation: You have a pair of horns on your head. [mutagenic meat]
 36044 | Vaults:1 | Lost mutation: You are frail. (-10% HP) [mutagenic meat]
 36238 | Vaults:1 | Gained mutation: You are robust. (+10% HP) [mutagenic meat]
 36239 | Vaults:1 | Lost mutation: You have a pair of small horns on your head. [mutagenic meat]
 36240 | Vaults:1 | Gained mutation: You are weak. (Str -2) [mutagenic meat]
 36241 | Vaults:1 | Gained mutation: Your system is resistant to poisons. (rPois) [mutagenic meat]
 36243 | Vaults:1 | Gained mutation: You are dopey. (Int -2) [mutagenic meat]
 36382 | Vaults:1 | Reached skill level 5 in Translocations
 36394 | Vaults:1 | Gained mutation: You have an increased reservoir of magic. (+10% MP) [mutagenic meat]
 36962 | Vaults:2 | Lost mutation: You are clumsy. (Dex -2) [mutagenic meat]
 37563 | Vaults:2 | Noticed Boris
 37583 | Vaults:2 | Killed Boris
 38247 | Vaults:2 | Reached XP level 19. HP: 191/191 MP: 25/25
 38336 | Vaults:2 | Lost mutation: You are robust. (+10% HP) [mutagenic meat]
 38337 | Vaults:2 | Gained mutation: You are frail. (-10% HP) [mutagenic meat]
 39403 | Vaults:3 | Found a staircase to the Crypt.
 39470 | Vaults:3 | Gained mutation: You are very frail. (-20% HP) [mutagenic meat]
 39471 | Vaults:3 | Lost mutation: You are dopey. (Int -2) [mutagenic meat]
 39472 | Vaults:3 | Gained mutation: You tend to lose your temper in combat. [mutagenic meat]
 39473 | Vaults:3 | Lost mutation: You occasionally shout uncontrollably at your foes. [mutagenic meat]
 39949 | Vaults:3 | Noticed an Ice Fiend
 40157 | Vaults:3 | Identified the ring of Teocaod {Str+6 Dex-3 Stlth+} (You took it off a yaktaur captain on level 3 of the Vaults)
 40170 | Vaults:3 | HP: 4/141 [fire giant/great sword of flaming (11)]
 40170 | Vaults:3 | Slain by a fire giant

Skill      XL: |  1  2  3  4  5  6  7  8  9 10 11 12 13 14 15 16 17 18 19 |
---------------+----------------------------------------------------------+-----
Axes           | 3 4 5 6 8 9 11 13 14 15 16 17 | 17.0
Fighting       | 5 7 8 9 11 12 13 14 15 16 17 | 17.3
Dodging        | 2 3 4 5 |  5.0
Armour         | 4 7 8 9 11 12 13 14 15 16 | 16.4
Shields        | 4 7 8 10 11 12 13 14 15 | 15.5
Evocations     | 2 3 4 6 |  6.0
Fire Magic     | 3 6 7 |  7.0
Conjurations   | 3 6 7 |  7.0
Summonings     | 2 3 5 6 |  6.0
Spellcasting   | 2 3 4 |  4.5
Translocations | 2 4 6 |  6.4
Air Magic      | 2 4 6 |  6.5
Charms         | 2 4 6 7 |  7.0

Action                   |  1- 3 |  4- 6 |  7- 9 | 10-12 | 13-15 | 16-18 | 19-21 || total
-------------------------+-------+-------+-------+-------+-------+-------+-------++-------
Melee: War axe           |   106 |   142 |   350 |   644 |  1365 |  1585 |   393 ||  4585
       Kick              |       |       |    38 |   212 |   146 |       |       ||   396
       Headbutt          |       |       |       |       |   255 |   256 |       ||   511
 Cast: Summon Butterflie |       |       |       |       |       |     3 |       ||     3
       Conjure Flame     |       |       |       |       |       |     2 |       ||     2
       Swiftness         |       |       |       |       |       |     2 |       ||     2
Invok: Curse Item        |       |       |     1 |     1 |     2 |     1 |     1 ||     6
Evoke: Wand              |       |       |       |       |    30 |    17 |     2 ||    49
       Box of beasts     |       |       |       |       |     2 |       |       ||     2
       Phial of floods   |       |       |       |       |     1 |       |       ||     1
  Use: Potion            |     7 |     2 |     9 |     6 |     7 |     9 |       ||    40
       Scroll            |     3 |     4 |     7 |    13 |    11 |    18 |     3 ||    59
 Stab: Invisible         |       |       |     7 |     2 |       |       |       ||     9
       Petrified         |       |       |       |       |     3 |       |       ||     3
       Confused          |       |       |       |       |     2 |       |       ||     2
       Petrifying        |       |       |       |       |     2 |       |       ||     2
       Distracted        |       |       |       |       |       |     3 |       ||     3
       Held in net/web   |       |       |       |       |       |     1 |       ||     1
       Fleeing           |       |       |       |       |       |     1 |       ||     1
  Eat: Chunk             |       |     2 |     8 |    10 |    27 |    43 |    17 ||   107
       Bread ration      |       |     1 |     1 |       |     3 |     2 |       ||     7
       Fruit             |       |       |     4 |       |       |       |     2 ||     6
       Pizza             |       |       |       |     4 |     2 |     1 |       ||     7
       Royal jelly       |       |       |       |     1 |       |       |       ||     1
       Meat ration       |       |       |       |     1 |       |     2 |       ||     3
       Beef jerky        |       |       |       |       |     1 |     1 |       ||     2
Armor: Scale mail        |    43 |     8 |       |       |       |       |       ||    51
       Skin              |     6 |    13 |       |     4 |       |       |       ||    23
       Chain mail        |       |    22 |    78 |   131 |   243 |   583 |    61 ||  1118
       Leather armour    |       |       |       |       |    23 |       |       ||    23
Dodge: Dodged            |    28 |    25 |    30 |    82 |   171 |   306 |    52 ||   694
Block: Shield            |    57 |    40 |       |       |       |       |   191 ||   288
       Large shield      |       |    32 |   188 |   379 |   820 |  1349 |    15 ||  2783
       Reflection        |       |       |       |       |       |       |    22 ||    22
